 Dungeon Crawl Stone Soup version 0.18-b1-18-g7758cf2 (webtiles) character file.

2858 Gargoyl the Covered (level 9, -4/68 HPs)
             Began as a Demonspawn Abyssal Knight on May 2, 2016.
             Was a High Priest of Lugonu.
             Killed from afar by an orc warrior (18 damage)
             ... with a wand of acid
             ... on level 7 of the Dungeon.
             The game lasted 00:30:07 (8806 turns).

Gargoyl the Covered (Demonspawn Abyssal Knight)     Turns: 8806, Time: 00:30:09

Health: -4/68      AC:  7    Str: 19      XL:     9   Next: 47%
Magic:  10/10      EV:  5    Int:  9      God:    Lugonu [*****.]
Gold:   174        SH: 15    Dex: 11 (12) Spells: 0 memorised, 8 levels left

rFire  + . .     SeeInvis .     a - +2 hand axe (drain)
rCold  . . .     Gourm    .     f - +0 chain mail of the Vestibule of Hell {rElec rF+ Int-4 Slay+2}
rNeg   . . .     Faith    .     g - +0 large shield
rPois  .         Spirit   .     (no helmet)
rElec  +         Dismiss  .     k - +2 cloak
rCorr  .         Reflect  .     (no gloves)
SustAt .         Harm     .     (boots unavailable)
MR     .....                    (no amulet)
Stlth  ..........               (no ring)
                                (no ring)

@: corroded, not resistant to hostile enchantments, extremely unstealthy
A: talons 3, icy blue scales 1, nightstalker 1, powered by death 1, shaggy fur
1, slow regeneration 1, strong 1
a: Depart the Abyss, Bend Space, Banish, Corrupt, Enter the Abyss, Renounce
Religion


You were on level 7 of the Dungeon.
You worshipped Lugonu.
Lugonu was extremely pleased with you.
You were not hungry.

You visited 1 branch of the dungeon, and saw 7 of its levels.
You visited the Abyss 1 time.
You also visited: Ossuary.

You collected 489 gold pieces.
You spent 315 gold pieces at shops.

Inventory:

Hand Weapons
 a - a +2 hand axe of draining (weapon)
 j - a +0 flail
Missiles
 e - 4 poisoned javelins (quivered)
Armour
 f - the +0 chain mail of the Vestibule of Hell (worn) {rElec rF+ Int-4 Slay+2}
   (You bought it in a shop on level 6 of the Dungeon)

   It affects your intelligence (-4).
   It affects your accuracy and damage with ranged weapons and melee attacks
   (+2).
   It protects you from fire.
   It insulates you from electricity.
 g - a +0 large shield (worn)
 k - a +2 cloak (worn)
 u - a +0 plate armour
Jewellery
 y - a cursed ring of loudness {unknown}
 z - an uncursed ring of ice
Wands
 i - a wand of lightning (2/15)
 o - a wand of digging (15/24)
 v - a wand of flame (9/48)
 B - a wand of flame (25/48)
 C - a wand of digging (4/24)
Scrolls
 b - 5 scrolls of identify
 m - 3 scrolls of remove curse
 p - a scroll of amnesia
 r - a scroll of summoning {unknown}
 w - a scroll of magic mapping
Potions
 h - a potion of haste
 l - a potion of invisibility
 q - 3 potions of curing
 s - a potion of lignification
 t - 6 potions of brilliance
 x - a potion of might
 D - 2 potions of agility
Comestibles
 c - 4 bread rations
 d - 2 meat rations
 A - a slice of pizza


   Skills:
 + Level 5.5 Fighting
 + Level 4.9(5.0) Axes
 + Level 1.0(3.2) Maces & Flails
 * Level 7.2 Armour
 + Level 2.8 Dodging
 + Level 0.2 Stealth
 + Level 6.5 Shields
 + Level 2.4 Invocations


You had 8 spell levels left.
You didn't know any spells.

Dungeon Overview and Level Annotations

Branches:
Dungeon (7/15)             Temple (0/1) D:6

Altars:
Cheibriados
Makhleb
Qazlal
Ru
Vehumet
Zin

Shops:
D:6 [


Innate Abilities, Weirdness & Mutations

You have claws for feet.
You are partially covered in icy blue scales (AC +1).
You are slightly more attuned to the shadows.
You regenerate a little health from kills.
You are covered in fur (AC +1).
You regenerate slowly when monsters are visible.
Your muscles are strong. (Str +2)


Message History

You hit something. Your kick misses something.
Something hits you but does no damage.
The orc warrior hits you with a scimitar.
You miss something. Your kick misses something.
You closely miss the orc warrior. Something completely misses you.
Unknown command.
You completely miss something. Your kick misses something.
You hit the orc warrior but do no damage.
The orc warrior zaps a wand.
The bolt of acid hits you! The acid corrodes you!
The acid burns!
It is a wand of acid.
Something hits you but does no damage.
The orc warrior zaps a wand.
The bolt of acid hits you! The acid corrodes you!
The acid burns!
* * * LOW HITPOINT WARNING * * *
You closely miss something. You barely miss the orc warrior.
You hear some strange, mumbled words.
A magic dart appears from out of thin air!
The magic dart hits you!
* * * LOW HITPOINT WARNING * * *
The orc warrior zaps a wand.
The bolt of acid hits you!
You die...

#.#.#########.#..#.#
####.#.# #.#..#.#
#......# #.#.....
#......# . #.#..#..
#......# .. #.#.....
#......# ...
#.#..##.
#.....†##.... #.....
#.....{oo.... ##.###
#.....@##.... ..#
######.# ..o ### #.#
.. #.# # #.. ###


You could see an orc warrior and an orc.

Vanquished Creatures
  Sigmund (D:5)
  2 ice beasts
  2 phantoms
  An ogre (D:4)
  4 centaurs
  A water moccasin zombie (Ossuary)
  3 scorpions
  A water moccasin skeleton (D:5)
  4 bog bodies (Ossuary)
  4 howler monkeys (D:7)
  2 crimson imps (D:5)
  A giant frog zombie (Ossuary)
  A centaur zombie (Ossuary)
  A wasp zombie (Ossuary)
  3 hounds
  2 jellies
  2 orc priests
  A centaur skeleton (D:6)
  4 giant frog skeletons
  Jessica (D:3)
  4 orc wizards
  3 iguanas
  2 worker ants
  Natasha (thrice) (D:4)
  4 hound zombies
  A hound skeleton (D:4)
  10 mummies
  4 worker ant zombies (Ossuary)
  A howler monkey zombie (Ossuary)
  15 adders
  2 shadow imps
  An ooze (D:1)
  4 adder zombies (Ossuary)
  An adder skeleton (D:5)
  A worm (D:2)
  2 dart slugs
  2 giant geckos (D:1)
  17 orcs
  9 bats
  5 giant cockroaches
  7 goblins
  4 hobgoblins
  15 jackals
  3 quokkas
  6 ball pythons
  A giant gecko skeleton (D:4)
  4 giant gecko zombies (Ossuary)
  4 giant newts
  2 jackal skeletons
  6 kobolds
  A quokka zombie (Ossuary)
  10 rats
195 creatures vanquished.

Vanquished Creatures (others)
  2 withered plants (Ossuary)
2 creatures vanquished.

Grand Total: 197 creatures vanquished

Notes
Turn   | Place    | Note
--------------------------------------------------------------
     0 | Abyss:1  | Gargoyl the Demonspawn Abyssal Knight began the quest for the Orb.
     0 | Abyss:1  | Reached XP level 1. HP: 18/18 MP: 2/2
    76 | Abyss:2  | Noticed an ancient zyme
    77 | Abyss:2  | Noticed a phantasmal warrior
   101 | Abyss:2  | Noticed a starcursed mass
   101 | Abyss:2  | Noticed an efreet
   102 | D:1      | Escaped the Abyss
   571 | D:1      | Gained mutation: You have sharp toenails. [demonic ancestry]
   571 | D:1      | Reached XP level 2. HP: 10/24 MP: 3/3
   790 | D:1      | Reached skill level 1 in Dodging
   898 | D:1      | Reached * piety under Lugonu
  1073 | D:1      | Reached skill level 2 in Armour
  1296 | D:1      | Gained mutation: You have razor-sharp toenails. [demonic ancestry]
  1296 | D:1      | Reached XP level 3. HP: 19/29 MP: 4/4
  2396 | D:2      | Reached ** piety under Lugonu
  2450 | D:2      | Reached skill level 1 in Shields
  2488 | D:2      | Gained mutation: You are partially covered in icy blue scales (AC +1). [demonic ancestry]
  2488 | D:2      | Reached XP level 4. HP: 35/36 MP: 5/5
  2615 | D:2      | Found a burning altar of Makhleb.
  2618 | D:2      | Noticed a balrug
  2733 | D:2      | Found a glowing silver altar of Zin.
  2733 | D:2      | Noticed an angel
  3066 | D:3      | Reached skill level 3 in Armour
  3066 | D:3      | Reached XP level 5. HP: 23/41 MP: 6/6
  3433 | D:3      | Noticed Jessica
  3441 | D:3      | Killed Jessica
  4198 | D:3      | Gained mutation: You are slightly more attuned to the shadows. [demonic ancestry]
  4198 | D:3      | Reached XP level 6. HP: 41/48 MP: 7/7
  4387 | D:3      | Reached *** piety under Lugonu
  4654 | D:4      | Reached skill level 4 in Armour
  4660 | D:4      | Noticed Natasha
  4670 | D:4      | Killed Natasha
  4723 | D:4      | Noticed Natasha
  4735 | D:4      | Killed Natasha
  4916 | D:4      | Found a sacrificial altar of Ru.
  5060 | D:4      | Noticed Natasha
  5070 | D:4      | Killed Natasha
  5140 | D:4      | Gained mutation: You regenerate a little health from kills. [demonic ancestry]
  5140 | D:4      | Reached XP level 7. HP: 25/54 MP: 8/8
  5637 | D:5      | Entered Level 5 of the Dungeon
  5665 | D:4      | Reached skill level 5 in Armour
  5928 | D:5      | Found a sand-covered staircase.
  5943 | Ossuary  | Entered an ossuary
  5973 | Ossuary  | Reached **** piety under Lugonu
  5982 | Ossuary  | Reached XP level 8. HP: 61/61 MP: 9/9
  6192 | Ossuary  | Reached skill level 6 in Armour
  6635 | Ossuary  | Gained mutation: Your muscles are strong. (Str +2) [potion of mutation]
  6635 | Ossuary  | Gained mutation: You are covered in fur (AC +1). [potion of mutation]
  6635 | Ossuary  | Gained mutation: You regenerate slowly when monsters are visible. [potion of mutation]
  6684 | D:5      | Found a snail-covered altar of Cheibriados.
  6692 | D:5      | Noticed Sigmund
  6707 | D:5      | Reached skill level 5 in Shields
  6741 | D:5      | Killed Sigmund
  6741 | D:5      | Reached skill level 5 in Fighting
  6955 | D:5      | Found a radiant altar of Vehumet.
  7279 | D:5      | Gained mutation: You have claws for feet. [demonic ancestry]
  7279 | D:5      | Reached XP level 9. HP: 63/68 MP: 10/10
  7322 | D:5      | Found a stormy altar of Qazlal.
  7379 | D:5      | Reached skill level 1 in Maces & Flails
  7657 | D:6      | Found Feipiteh's Armour Shoppe.
  7661 | D:6      | Bought the cursed +0 chain mail of the Vestibule of Hell {rElec rF+ Int-4 Slay+2} for 315 gold pieces
  7900 | D:6      | Found a staircase to the Ecumenical Temple.
  8113 | D:6      | Reached ***** piety under Lugonu
  8113 | D:6      | Reached skill level 7 in Armour
  8806 | D:7      | Killed from afar by an orc warrior

Skill      XL: |  1  2  3  4  5  6  7  8  9 |
---------------+----------------------------+-----
Axes           | 2 3 4 |  4.9
Dodging        | 1 2 |  2.8
Armour         | 2 3 4 5 6 7 |  7.2
Shields        | 1 2 3 4 5 6 |  6.5
Fighting       | 4 5 |  5.5
Maces & Flails | 1 |  1.0
Stealth        | |  0.2
Invocations    | |  2.4

Action                   |  1- 3 |  4- 6 |  7- 9 || total
-------------------------+-------+-------+-------++-------
Melee: Hand axe          |   157 |   243 |   714 ||  1114
       Kick              |    25 |    49 |   231 ||   305
       Flail             |       |       |    99 ||    99
Throw: Javelin           |       |     1 |       ||     1
Invok: Depart the Abyss  |     1 |       |       ||     1
  Use: Potion            |       |     3 |    13 ||    16
       Scroll            |       |     5 |    11 ||    16
  Eat: Chunk             |     5 |     9 |     8 ||    22
       Fruit             |       |       |     7 ||     7
       Royal jelly       |       |       |     1 ||     1
Armor: Leather armour    |    40 |       |       ||    40
       Chain mail        |    63 |    63 |    53 ||   179
       Ring mail         |     6 |       |       ||     6
       Plate armour      |       |   107 |   535 ||   642
       Skin              |       |       |    20 ||    20
Dodge: Dodged            |    34 |    14 |    72 ||   120
Block: Large shield      |   118 |   169 |   642 ||   929
